TOP OF THE 1ST |
Pocatello Boccabellas batting - Pitching for Baffin Island Beavers : RHP Thierry Garneau
|
Pitching: RHP Thierry Garneau
|
|
Batting: RHB Tomás Carranza
|
0-0: Ball 1-0: Ball 2-0: SINGLE (Line Drive, 56)
|
Batting: LHB Jim Jensen
|
0-0: Called Strike 0-1: Ball 1-1: Ball 2-1: Ball 3-1: SINGLE (Line Drive, 3L) Tomás Carranza to second
|
Batting: RHB Marlon Phipps
|
0-0: Ball 1-0: Swinging Strike 1-1: Ball 2-1: SINGLE (Line Drive, 6MD) Tomás Carranza to third Jim Jensen to second
|
Batting: LHB Juan Cortés
|
0-0: Called Strike 0-1: Reached on error, E6 (Groundball, 6) Tomás Carranza scores Jim Jensen to third Marlon Phipps to second
|
Batting: RHB Francisco Sandoval
|
0-0: Swinging Strike 0-1: Foul Ball, location: 2F 0-2: Ball 1-2: Ball 2-2: Reached on error, E5 (Groundball, 5S) Jim Jensen scores Marlon Phipps scores Juan Cortés to third
|
Batting: LHB Vicente Bueno
|
0-0: Called Strike 0-1: Ball 1-1: Ball 2-1: 3-RUN HOME RUN (Line Drive, 9LD), Distance : 365 ft
|
Batting: SHB Nick Cox
|
0-0: Called Strike 0-1: Ball 1-1: Foul Ball, location: 2F 1-2: DOUBLE (Line Drive, 7LS)
|
Batting: RHB Pedro Guzmán
|
0-0: Called Strike 0-1: Foul Ball, location: 2F 0-2: Foul Ball, location: 2F 0-2: Ball 1-2: Ball 2-2: Strikes out swinging
|
Batting: RHB José Delgado
|
0-0: Called Strike 0-1: Ball 1-1: Called Strike 1-2: Ball 2-2: SINGLE (Line Drive, 6D) Nick Cox to third Runner from 3rd tries for Home, SAFE, throw made home
|
Batting: RHB Tomás Carranza
|
0-0: Called Strike 0-1: Ball 1-1: Fly out, F9 (Flyball, 89D)
|
Batting: LHB Jim Jensen
|
0-0: Called Strike 0-1: Called Strike 0-2: Fly out, F5 (Line Drive, 56)
|
Top of the 1st over - 7 run(s), 6 hit(s), 2 error(s), 1 left on base; Pocatello 7 - Baffin Island 0 |
BOTTOM OF THE 1ST |
Baffin Island Beavers batting - Pitching for Pocatello Boccabellas : RHP Martín Ramírez
|
Pitching: RHP Martín Ramírez
|
|
Batting: LHB Chris Bates
|
0-0: Ball 1-0: Ground out 1-3 (Groundball, 13S)
|
Batting: SHB Alonso Ferreira
|
0-0: Ball 1-0: Ground out 4-3 (Groundball, 4)
|
Batting: LHB Mario García
|
0-0: Ball 1-0: SINGLE (Line Drive, 6M)
|
Batting: LHB Lorenzo Villa
|
0-0: Ball 1-0: Fielders Choice at 2nd, 4-6 (Groundball, 4)
|
Bottom of the 1st over - 0 run(s), 1 hit(s), 0 error(s), 0 left on base; Pocatello 7 - Baffin Island 0 |
TOP OF THE 2ND |
Pocatello Boccabellas batting - Pitching for Baffin Island Beavers : RHP Thierry Garneau
|
Batting: RHB Marlon Phipps
|
0-0: Called Strike 0-1: Swinging Strike 0-2: Ball 1-2: Foul Ball, location: 2F 1-2: Foul Ball, location: 2F 1-2: DOUBLE (Flyball, 8LD)
|
Pitching: RHP Colm Stewart
|
|
Batting: LHB Juan Cortés
|
0-0: Ball 1-0: Swinging Strike 1-1: Ball 2-1: Fly out, F8 (Flyball, 8LS)
|
Batting: RHB Francisco Sandoval
|
0-0: Hit by Pitch
|
Batting: LHB Vicente Bueno
|
0-0: Ball 1-0: Ball 2-0: Grounds into double play, 1-6-3 (Groundball, P)
|
Top of the 2nd over - 0 run(s), 1 hit(s), 0 error(s), 1 left on base; Pocatello 7 - Baffin Island 0 |
BOTTOM OF THE 2ND |
Baffin Island Beavers batting - Pitching for Pocatello Boccabellas : RHP Martín Ramírez
|
Batting: RHB Tony Morton
|
0-0: Ball 1-0: Ball 2-0: Called Strike 2-1: Called Strike 2-2: Ball 3-2: Ground out 6-3 (Groundball, 56)
|
Batting: LHB Keng-chi Lao
|
0-0: Ground out U3 (Groundball, 3)
|
Batting: RHB Dave Craig
|
0-0: Called Strike 0-1: Ground out 5-3 (Groundball, 56S)
|
Bottom of the 2nd over - 0 run(s), 0 hit(s), 0 error(s), 0 left on base; Pocatello 7 - Baffin Island 0 |
TOP OF THE 3RD |
Pocatello Boccabellas batting - Pitching for Baffin Island Beavers : RHP Colm Stewart
|
Batting: SHB Nick Cox
|
0-0: Ball 1-0: Foul Ball, location: 2F 1-1: Ground out 5-3 (Groundball, 56S)
|
Batting: RHB Pedro Guzmán
|
0-0: Ball 1-0: Ball 2-0: Ball 3-0: Base on Balls
|
Batting: RHB José Delgado
|
0-0: Ball 1-0: Ball 2-0: Ball 3-0: Called Strike 3-1: Called Strike 3-2: Foul Ball, location: 2F 3-2: Grounds into double play, 1-6-3 (Groundball, 13)
|
Top of the 3rd over - 0 run(s), 0 hit(s), 0 error(s), 0 left on base; Pocatello 7 - Baffin Island 0 |
BOTTOM OF THE 3RD |
Baffin Island Beavers batting - Pitching for Pocatello Boccabellas : RHP Martín Ramírez
|
Batting: LHB Mike MacFadden
|
0-0: Ball 1-0: Foul Ball, location: 2F 1-1: Ball 2-1: Ball 3-1: Foul Ball, location: 2F 3-2: Foul Ball, location: 2F 3-2: SINGLE (Groundball, P) (infield hit)
|
Batting: LHB Norberto Muñóz
|
0-0: Ball 1-0: Ball 2-0: Ball 3-0: Called Strike 3-1: Fly out, F9 (Flyball, 89S)
|
Batting: LHB Chris Bates
|
0-0: Swinging Strike 0-1: Ball 1-1: Called Strike 1-2: Fly out, F9 (Flyball, 9S)
|
Batting: SHB Alonso Ferreira
|
0-0: Ball 1-0: Called Strike 1-1: Fielders Choice at 2nd, 4-6 (Groundball, 4)
|
Bottom of the 3rd over - 0 run(s), 1 hit(s), 0 error(s), 0 left on base; Pocatello 7 - Baffin Island 0 |
TOP OF THE 4TH |
Pocatello Boccabellas batting - Pitching for Baffin Island Beavers : RHP Colm Stewart
|
Batting: RHB Tomás Carranza
|
0-0: Ball 1-0: Ball 2-0: Called Strike 2-1: Reached on error, E3 (Groundball, 34)
|
Batting: LHB Jim Jensen
|
0-0: Fly out, F7 (Flyball, 7)
|
Batting: RHB Marlon Phipps
|
0-0: Ball 1-0: Fly out, F9 (Flyball, 9S)
|
Batting: LHB Juan Cortés
|
0-0: Ball Tomás Carranza steals 2nd base 1-0: Ball 2-0: Ball 3-0: Called Strike 3-1: Called Strike 3-2: Foul Ball, location: 2F 3-2: Reached via error on a dropped throw, E1 Tomás Carranza to third
|
Batting: RHB Francisco Sandoval
|
0-0: Ball 1-0: Foul Ball, location: 2F 1-1: Swinging Strike 1-2: Ball 2-2: Ball 3-2: Strikes out swinging
|
Top of the 4th over - 0 run(s), 0 hit(s), 2 error(s), 2 left on base; Pocatello 7 - Baffin Island 0 |
BOTTOM OF THE 4TH |
Baffin Island Beavers batting - Pitching for Pocatello Boccabellas : RHP Martín Ramírez
|
Batting: LHB Mario García
|
0-0: Swinging Strike 0-1: Ball 1-1: Foul Ball, location: 2F 1-2: DOUBLE (Flyball, 7D)
|
Batting: LHB Lorenzo Villa
|
0-0: Ball 1-0: Called Strike 1-1: Foul Ball, location: 2F 1-2: Foul Ball, location: 2F 1-2: Ball Wild Pitch! Mario García to third 2-2: Ball 3-2: Fly out, F3 (Popup, 34)
|
Batting: RHB Tony Morton
|
0-0: Called Strike 0-1: Ball 1-1: Foul Ball, location: 2F 1-2: Strikes out looking
|
Batting: LHB Keng-chi Lao
|
0-0: Ball Wild Pitch! Mario García scores 1-0: Ball 2-0: SINGLE (Groundball, 34D)
|
Batting: RHB Dave Craig
|
0-0: Ball Keng-chi Lao steals 2nd base 1-0: Ball 2-0: Ball 3-0: Base on Balls
|
Batting: LHB Mike MacFadden
|
0-0: Ball 1-0: Ball 2-0: Called Strike 2-1: Ball 3-1: Base on Balls Keng-chi Lao to third Dave Craig to second
|
Batting: LHB Norberto Muñóz
|
0-0: Fly out, F6 (Flyball, 56D)
|
Bottom of the 4th over - 1 run(s), 2 hit(s), 0 error(s), 3 left on base; Pocatello 7 - Baffin Island 1 |
TOP OF THE 5TH |
Pocatello Boccabellas batting - Pitching for Baffin Island Beavers : RHP Colm Stewart
|
Batting: LHB Vicente Bueno
|
0-0: Called Strike 0-1: Called Strike 0-2: Ball 1-2: DOUBLE (Line Drive, 9LM)
|
Batting: SHB Nick Cox
|
0-0: Ball 1-0: Ball Wild Pitch! Vicente Bueno to third 2-0: Ground out 6-3 (Groundball, 6) Vicente Bueno scores
|
Pitching: RHP Felipe Reyes
|
|
Batting: RHB Pedro Guzmán
|
0-0: Called Strike 0-1: Called Strike 0-2: Fly out, F8 (Flyball, 8LM)
|
Batting: RHB José Delgado
|
0-0: Swinging Strike 0-1: Ball 1-1: Fly out, F8 (Flyball, 78D)
|
Top of the 5th over - 1 run(s), 1 hit(s), 0 error(s), 0 left on base; Pocatello 8 - Baffin Island 1 |
BOTTOM OF THE 5TH |
Baffin Island Beavers batting - Pitching for Pocatello Boccabellas : RHP Martín Ramírez
|
Batting: LHB Chris Bates
|
0-0: Ball 1-0: Ball 2-0: Ball 3-0: Called Strike 3-1: Ground out 4-3 (Groundball, 4)
|
Batting: SHB Alonso Ferreira
|
0-0: Ball 1-0: Ball 2-0: Foul Ball, location: 2F 2-1: Ball 3-1: Called Strike 3-2: Foul Ball, location: 2F 3-2: Base on Balls
|
Batting: LHB Mario García
|
0-0: Called Strike 0-1: Ball 1-1: Ball 2-1: Fly out, F9 (Flyball, 89S)
|
Batting: LHB Lorenzo Villa
|
0-0: Fly out, F4 (Popup, 3D)
|
Bottom of the 5th over - 0 run(s), 0 hit(s), 0 error(s), 1 left on base; Pocatello 8 - Baffin Island 1 |
TOP OF THE 6TH |
Pocatello Boccabellas batting - Pitching for Baffin Island Beavers : RHP Felipe Reyes
|
Batting: RHB Tomás Carranza
|
0-0: Swinging Strike 0-1: Ball 1-1: Ball 2-1: Foul Ball, location: 2F 2-2: Ball 3-2: Foul Ball, location: 2F 3-2: Strikes out swinging
|
Batting: LHB Jim Jensen
|
0-0: Foul Ball, location: 2F 0-1: Swinging Strike 0-2: Foul Ball, location: 2F 0-2: Hit by Pitch
|
Batting: RHB Marlon Phipps
|
0-0: Foul Ball, location: 2F 0-1: Ball Wild Pitch! Jim Jensen to second 1-1: Foul Ball, location: 2F 1-2: Ball 2-2: Foul Ball, location: 2F 2-2: Foul Ball, location: 2F 2-2: Strikes out looking
|
Pitching: RHP Vaughn Stanley
|
|
Batting: LHB Juan Cortés
|
0-0: Ball 1-0: Called Strike 1-1: Fly out, F6 (Popup, 6)
|
Top of the 6th over - 0 run(s), 0 hit(s), 0 error(s), 1 left on base; Pocatello 8 - Baffin Island 1 |
BOTTOM OF THE 6TH |
Baffin Island Beavers batting - Pitching for Pocatello Boccabellas : RHP Martín Ramírez
|
Batting: RHB Tony Morton
|
0-0: Foul Ball, location: 2F 0-1: SINGLE (Line Drive, 4D)
|
Batting: LHB Keng-chi Lao
|
0-0: Foul Ball, location: 2F 0-1: Called Strike 0-2: Ball 1-2: Grounds into double play, 4-6-3 (Groundball, 34)
|
Batting: RHB Dave Craig
|
0-0: Fly out, F7 (Flyball, 7)
|
Bottom of the 6th over - 0 run(s), 1 hit(s), 0 error(s), 0 left on base; Pocatello 8 - Baffin Island 1 |
TOP OF THE 7TH |
Pocatello Boccabellas batting - Pitching for Baffin Island Beavers : RHP Vaughn Stanley
|
Batting: RHB Francisco Sandoval
|
0-0: Ball 1-0: Ball 2-0: Called Strike 2-1: Swinging Strike 2-2: Ball 3-2: Fly out, F9 (Flyball, 89D)
|
Batting: LHB Vicente Bueno
|
0-0: Ball 1-0: Fly out, F8 (Line Drive, 8RD)
|
Batting: SHB Nick Cox
|
0-0: Called Strike 0-1: Foul Ball, location: 2F 0-2: Strikes out looking
|
Top of the 7th over - 0 run(s), 0 hit(s), 0 error(s), 0 left on base; Pocatello 8 - Baffin Island 1 |
BOTTOM OF THE 7TH |
Baffin Island Beavers batting - Pitching for Pocatello Boccabellas : RHP Martín Ramírez
|
Pitching: RHP César Martínez
|
|
Batting: LHB Mike MacFadden
|
0-0: Ball 1-0: Foul Ball, location: 2F 1-1: Ball 2-1: Called Strike 2-2: Foul Ball, location: 2F 2-2: Ground out 3-1 (Groundball, 34)
|
Batting: LHB Norberto Muñóz
|
0-0: Called Strike 0-1: SINGLE (Line Drive, 78S)
|
Batting: LHB Chris Bates
|
0-0: Ball 1-0: Ball 2-0: Ball 3-0: Called Strike 3-1: Swinging Strike 3-2: Foul Ball, location: 2F 3-2: Foul Ball, location: 2F 3-2: Base on Balls Norberto Muñóz to second
|
Batting: SHB Alonso Ferreira
|
0-0: Ball 1-0: Foul Ball, location: 2F 1-1: Called Strike 1-2: Fly out, F7 (Flyball, 7)
|
Batting: LHB Mario García
|
0-0: Fly out, F8 (Flyball, 8LM)
|
Bottom of the 7th over - 0 run(s), 1 hit(s), 0 error(s), 2 left on base; Pocatello 8 - Baffin Island 1 |
TOP OF THE 8TH |
Pocatello Boccabellas batting - Pitching for Baffin Island Beavers : RHP Vaughn Stanley
|
Batting: RHB Pedro Guzmán
|
0-0: Called Strike 0-1: Fly out, F9 (Flyball, 9LS)
|
Batting: RHB José Delgado
|
0-0: Ball 1-0: Ball 2-0: Ball 3-0: Called Strike 3-1: Called Strike 3-2: Fly out, F6 (Popup, 6)
|
Batting: RHB Tomás Carranza
|
0-0: Called Strike 0-1: Called Strike 0-2: Ball 1-2: Foul Ball, location: 2F 1-2: Foul Ball, location: 2F 1-2: Strikes out swinging, 2-3 out at first.
|
Top of the 8th over - 0 run(s), 0 hit(s), 0 error(s), 0 left on base; Pocatello 8 - Baffin Island 1 |
BOTTOM OF THE 8TH |
Baffin Island Beavers batting - Pitching for Pocatello Boccabellas : RHP César Martínez
|
Now at 1B: Chris Parker
|
|
Batting: LHB Lorenzo Villa
|
0-0: Ball 1-0: Ball 2-0: Ball 3-0: Base on Balls
|
Batting: RHB Tony Morton
|
0-0: Ball 1-0: Grounds into double play, 4-6-3 (Groundball, 4)
|
Batting: LHB Keng-chi Lao
|
0-0: Ball 1-0: Ball 2-0: Ball 3-0: Called Strike 3-1: Foul Ball, location: 2F 3-2: Base on Balls
|
Batting: RHB Dave Craig
|
0-0: Ball 1-0: Ball 2-0: Ball 3-0: Called Strike 3-1: Base on Balls Keng-chi Lao to second
|
Batting: LHB Mike MacFadden
|
0-0: Ball 1-0: Swinging Strike 1-1: Foul Ball, location: 2F 1-2: Ground out 6-3 (Groundball, 6MS)
|
Bottom of the 8th over - 0 run(s), 0 hit(s), 0 error(s), 2 left on base; Pocatello 8 - Baffin Island 1 |
TOP OF THE 9TH |
Pocatello Boccabellas batting - Pitching for Baffin Island Beavers : RHP Vaughn Stanley
|
Batting: LHB Jim Jensen
|
0-0: Ball 1-0: Called Strike 1-1: Ball 2-1: Ball 3-1: Base on Balls
|
Batting: RHB Marlon Phipps
|
0-0: Fly out, F4 (Line Drive, 4) Lined into DP, 4-3 (Line Drive, 4)
|
Batting: LHB Juan Cortés
|
0-0: Called Strike 0-1: SINGLE (Line Drive, 9LM)
|
Batting: RHB Francisco Sandoval
|
0-0: Ball 1-0: Swinging Strike 1-1: Ball 2-1: Called Strike 2-2: Foul Ball, location: 2F 2-2: Ball 3-2: DOUBLE (Line Drive, 9LM) Juan Cortés to third Juan Cortés scores
|
Batting: LHB Vicente Bueno
|
0-0: Ball 1-0: Ball 2-0: Called Strike 2-1: Called Strike 2-2: Strikes out swinging
|
Top of the 9th over - 1 run(s), 2 hit(s), 0 error(s), 1 left on base; Pocatello 9 - Baffin Island 1 |
BOTTOM OF THE 9TH |
Baffin Island Beavers batting - Pitching for Pocatello Boccabellas : RHP César Martínez
|
Batting: LHB Norberto Muñóz
|
0-0: Ball 1-0: Ball 2-0: Fly out, F7 (Flyball, 7S)
|
Pitching: RHP Jesse Moser
|
|
Batting: LHB Chris Bates
|
0-0: Called Strike 0-1: Ball 1-1: Ground out 3-1 (Groundball, 34)
|
Batting: SHB Alonso Ferreira
|
0-0: Fly out, F7 (Flyball, 7)
|
Bottom of the 9th over - 0 run(s), 0 hit(s), 0 error(s), 0 left on base; Pocatello 9 - Baffin Island 1 |
|